 Dungeon Crawl Stone Soup version 0.27.0-1-g7a089689b8 (webtiles) character file.

Game seed: 818916029941890693

820 Anothat the Ruffian (level 7, -1/70 HPs)
             Began as a Troll Monk on Aug 1, 2021.
             Was a Believer of Cheibriados.
             Slain by a steam dragon (8 damage)
             ... on level 5 of the Dungeon.
             The game lasted 00:06:13 (3007 turns).

Anothat the Ruffian (Troll Monk)                    Turns: 3007, Time: 00:06:14

Health: -1/70      AC:  4    Str: 26    XL:     7   Next: 63%
Magic:  6/6        EV: 11    Int: 10    God:    Cheibriados [**....]
Gold:   133        SH:  0    Dex: 16    Spells: 6/6 levels left

rFire    . . .     SeeInvis .     - Unarmed
rCold    . . .     Faith    .   (no shield)
rNeg     . . .     Spirit   .   a - +0 robe
rPois    .         Reflect  .   (helmet restricted)
rElec    .         Harm     .   (no cloak)
rCorr    .         Rampage  .   (gloves unavailable)
Will     .....                  (boots unavailable)
Stlth    ++........             (no amulet)
HPRegen  1.21/turn              (no ring)
MPRegen  0.10/turn              (no ring)

@: very slow
A: large, unfitting armour, claws 3, regeneration 1, shaggy fur 1, tough skin 1
a: Renounce Religion, Bend Time


You were on level 5 of the Dungeon.
You worshipped Cheibriados.
Cheibriados was pleased with you.
You visited 2 branches of the dungeon, and saw 6 of its levels.

You collected 133 gold pieces.

Inventory:

Missiles
 h - 3 large rocks (quivered)
Armour
 a - a +0 robe (worn)
Jewellery
 p - a +6 ring of intelligence
Scrolls
 b - 2 scrolls of amnesia {unknown}
 d - 7 scrolls of identify {unknown}
 f - a scroll of blinking {unknown}
 i - a scroll of fog {unknown}
 j - a scroll of acquirement {unknown}
 k - a scroll of noise {unknown}
 q - a scroll of brand weapon {unknown}
Potions
 c - 2 potions of degeneration {unknown}
 e - 4 potions of curing {unknown}
 g - a potion of resistance {unknown}
 l - 2 potions of heal wounds {unknown}
 m - a potion of mutation {unknown}
 n - a potion of flight {unknown}
 o - a potion of invisibility {unknown}


   Skills:
 + Level 4.3 Fighting
 + Level 4.3 Dodging
 + Level 2.8 Stealth
 + Level 5.2 Unarmed Combat


You had 6 spell levels left.
You didn't know any spells.
Your spell library contained the following spells:

 Spells                   Type           Power      Damage    Failure   Level
 Shock                    Conj/Air       0%         1d3       36%         1
 Swiftness                Air            0%         N/A       75%         3
 Airstrike                Air            0%         N/A       98%         4


Dungeon Overview and Level Annotations

Branches:
Dungeon (5/15)             Temple (1/1) D:5

Altars:
Cheibriados
Dithmenos
Elyvilon
Fedhas
Hepliaklqana
Kikubaaqudgha
Okawaru
Qazlal
Ru
Sif Muna
Trog
Xom

Shops:
D:4 *   D:5 ((


Innate Abilities, Weirdness & Mutations

You are too large for most types of armour.
You have claws for hands.
Your natural rate of healing is unusually fast.
You are covered in fur. (AC +1)
You have tough skin. (AC +1)


Message History

No target in view!
A steam dragon comes into view.
Found Faloywk's Antique Weapon Shoppe.
A steam dragon is nearby!
Found a stone staircase leading up.
Found a great mace.
The steam dragon breathes steam at you. The ball of steam hits you!
Found a flail.
You scratch the steam dragon but do no damage.
An ufetubus comes into view.
The steam dragon bites you! The steam dragon closely misses you.
The ufetubus shouts!
You claw the steam dragon!
The steam dragon is heavily wounded.
The steam dragon breathes steam at you. The ball of steam hits you!!
You are too injured to fight recklessly!
You scratch the steam dragon but do no damage.
The steam dragon is heavily wounded.
You are engulfed in a cloud of scalding steam.
The steam dragon bites you. The steam dragon barely misses you.
You scratch the steam dragon.
The steam dragon is severely wounded.
You are engulfed in a cloud of scalding steam.
* * * LOW HITPOINT WARNING * * *
The steam dragon bites you.
* * * LOW HITPOINT WARNING * * *
The steam dragon claws you but does no damage.
You closely miss the steam dragon.
The steam dragon is severely wounded.
The steam dragon bites you.
* * * LOW HITPOINT WARNING * * *
The steam dragon claws you.
* * * LOW HITPOINT WARNING * * *
Okay, then.
You closely miss the steam dragon.
The steam dragon is severely wounded.
The ufetubus barely misses you. x2; The steam dragon bites you!
You die...

##........##
...........#
.....<.....#
...........
..........# ...
.)........# .∩.
......D...# ..# #
.......@..# ..##..
).....5...###....#
.......##.##....#
......# #..#...#
......
#.#..######.
.....#
#.#........( ....#
#.#[.######. ###
...# #....# ..##
#..#.#


You could see a steam dragon (catching breath) and an ufetubus.

Vanquished Creatures
  Pikel (D:4)
  An ogre (D:5)
  An orc priest (D:5)
  2 hounds
  A centaur skeleton (D:5)
  An iguana (D:4)
  An orc wizard (D:3)
  A hound skeleton (D:4)
  4 gnolls (D:3)
  3 adders
  4 worms
  5 orcs
  7 ball pythons
  2 endoplasms
  3 goblins
  A hobgoblin (D:1)
  9 jackals
  5 quokkas
  4 bats
  3 frilled lizards
  4 kobolds
  10 rats
73 creatures vanquished.

Notes
Turn   | Place    | Note
-------+----------+-------------------------------------------
     0 | D:1      | Anothat the Troll Monk began the quest for the Orb.
     0 | D:1      | Reached XP level 1. HP: 22/22 MP: 0/0
   140 | D:1      | Reached XP level 2. HP: 29/29 MP: 1/1
   192 | D:1      | Found a faded altar of an unknown god.
   779 | D:2      | Reached XP level 3. HP: 36/36 MP: 2/2
  1095 | D:3      | Found a sacrificial altar of Ru.
  1287 | D:3      | Reached XP level 4. HP: 30/44 MP: 3/3
  1409 | D:3      | Found an iron altar of Okawaru.
  1887 | D:4      | Noticed a moth of wrath
  1891 | D:4      | Found a bloodstained altar of Trog.
  1897 | D:4      | Reached XP level 5. HP: 53/53 MP: 4/4
  2142 | D:4      | Noticed Pikel
  2143 | D:4      | Noticed a lemure
  2144 | D:4      | Noticed a lemure
  2145 | D:4      | Noticed a lemure
  2148 | D:4      | Noticed a lemure
  2174 | D:4      | Killed Pikel
  2175 | D:4      | Reached skill level 4 in Unarmed Combat
  2175 | D:4      | Reached XP level 6. HP: 25/62 MP: 5/5
  2175 | D:4      | Reached XP level 7. HP: 28/68 MP: 6/6
  2243 | D:4      | Found Wailikhli's Assorted Antiques.
  2662 | D:5      | Entered Level 5 of the Dungeon
  2662 | D:5      | Found a staircase to the Ecumenical Temple.
  2669 | D:5      | Reached skill level 5 in Unarmed Combat
  2703 | Temple   | Entered the Ecumenical Temple
  2734 | Temple   | Became a worshipper of Cheibriados the Contemplative
  2734 | Temple   | Reached * piety under Cheibriados
  2734 | Temple   | Reached ** piety under Cheibriados
  2861 | D:5      | Found Velir's Weapon Shop.
  2996 | D:5      | Found Faloywk's Antique Weapon Shoppe.
  2996 | D:5      | Noticed a steam dragon
  3007 | D:5      | Slain by a steam dragon

Illustrated notes

Levels and vault maps discovered:
D:1:      ncdulo_lavacross, layout_loops_ring, shapermc_ecumenical_altar_pompeii
D:2:      layout_rooms
D:3:      layout_loops_cross, mainiacjoe_overflow_catwalk_spiral
D:4:      layout_loops_cross, tgw_trog, serial_shops, shop, uniq_pikel
D:5:      layout_cave_pods, mainiacjoe_overflow_surrounded_room,
          mainiacjoe_overflow_cross_hatched, minmay_temple_entry_proselytizer,
          serial_shops, shop_fountains, shop, nicolae_square_shop, shop,
          shop_scrolls
Temple:   compressed_dpeg_triangle_lava_temple

Skill      XL: |  1  2  3  4  5  6  7 |
---------------+----------------------+-----
Fighting       | 3 4 |  4.3
Dodging        | 3 4 |  4.3
Stealth        | 2 |  2.8
Unarmed Combat | 4 5 |  5.2

Action                   |  1- 3 |  4- 6 |  7- 9 || total
-------------------------+-------+-------+-------++-------
Melee: Unarmed           |    96 |    72 |    60 ||   228
       Punch             |     3 |     2 |     2 ||     7
 Stab: Sleeping          |     4 |     7 |     2 ||    13
Armor: Robe              |    37 |     9 |    13 ||    59
Dodge: Dodged            |    52 |    16 |    31 ||    99
